 Dungeon Crawl Stone Soup version 0.22-a0-197-g4ac3794 (webtiles) character file.

909 vishdafish the Bolt Thrower (level 7, -8/53 HPs)
             Began as a Demonspawn Arcane Marksman on Feb 18, 2018.
             Was an Initiate of Yredelemnul.
             Splashed by a jelly's acid (9 damage)
             ... on level 5 of the Dungeon.
             The game lasted 00:08:01 (5065 turns).

vishdafish the Bolt Thrower (DsAM)                  Turns: 5065, Time: 00:08:03

Health: -8/53      AC: -5    Str: 10    XL:     7   Next: 81%
Magic:  19/19      EV: 13    Int: 15    God:    Yredelemnul [......]
Gold:   209        SH:  4    Dex: 15    Spells: 6/10 levels left

rFire    . . .     SeeInvis .   d - +0 war axe
rCold    . . .     Gourm    .   (no shield)
rNeg     . . .     Faith    .   e - +0 robe
rPois    .         Spirit   .   (no helmet)
rElec    .         Reflect  .   (no cloak)
rCorr    .         Harm     .   (no gloves)
MR       .....                  (boots unavailable)
Stlth    +.........             (no amulet)
HPRegen  0.17/turn              j - ring of magical power
MPRegen  0.16/turn              (no ring)

@: corroded
A: talons 3, large bone plates 1, agile 1, weak 1
a: Renounce Religion


You were on level 5 of the Dungeon.
You worshipped Yredelemnul.
Yredelemnul was noncommittal.
You were not hungry.

You visited 2 branches of the dungeon, and saw 6 of its levels.

You collected 209 gold pieces.

Inventory:

Hand Weapons
 a - a +0 hand crossbow
 d - a +0 war axe (weapon)
Armour
 e - a +0 robe (worn)
Jewellery
 j - a ring of magical power (left hand)
Wands
 o - a wand of clouds (1)
Scrolls
 g - a scroll of random uselessness {unknown}
 h - 6 scrolls of identify {unknown}
 i - 3 scrolls of remove curse {unknown}
 k - 3 scrolls of immolation {unknown}
 p - 2 scrolls of enchant armour {unknown}
Potions
 b - 3 potions of mutation
Books
 c - a book of Debilitation

   Spells                             Type                      Level
   a - Corona                         Hexes                        1
   b - Slow                           Hexes                        2
   c - Inner Flame                    Hexes/Fire                   3
   d - Portal Projectile              Hexes/Translocation          3
   e - Cause Fear                     Hexes                        4
   f - Leda's Liquefaction            Hexes/Earth                  4
Comestibles
 f - 12 rations


   Skills:
 + Level 3.9 Fighting
 - Level 4.1 Crossbows
 + Level 3.4 Armour
 - Level 3.1 Dodging
 - Level 2.2 Spellcasting
 - Level 3.0 Hexes
 * Level 3.6 Evocations


You had 6 spell levels left.
You knew the following spells:

 Your Spells              Type           Power        Failure   Level  Hunger
a - Corona                Hex            ##.....      6%          1    #......
b - Portal Projectile     Hex/Tloc       #.....       34%         3    ###....


Dungeon Overview and Level Annotations

Branches:
Dungeon (5/15)             Temple (1/1) D:5

Altars:
Cheibriados
Makhleb
Nemelex Xobeh
Qazlal
Trog
Vehumet
Xom
Yredelemnul


Innate Abilities, Weirdness & Mutations

You have claws for feet.
You are partially covered in large bone plates. (SH +4)
You are agile. (Dex +2)
You are weak. (Str -2)


Message History

Press: ? - help, Dir - move target cursor, f/p - jelly
Aim: a jelly (moderately wounded)
You create a blast of poison gas!
The jelly closely misses you.
Wield which item (- for none, * to show all)? (? for menu, Esc to quit)
d - a +0 war axe (weapon)
The jelly hits you but does no damage.
You hit the jelly. The acid corrodes you!
Your hands burn!
The jelly is heavily wounded.
The jelly hits you.
* * * LOW HITPOINT WARNING * * *
The acid corrodes you!
You are splashed with acid!
The acid burns!
* * * LOW HITPOINT WARNING * * *
You hit the jelly but do no damage.
Your hands burn!
* * * LOW HITPOINT WARNING * * *
The jelly is heavily wounded.
The jelly hits you.
* * * LOW HITPOINT WARNING * * *
You are splashed with acid!
The acid burns!
You die...
Your body rises from the dead as a mindless zombie.

#.# #<# #. #.# ..
## #.# #)# .....#
#.# #.# ..#.# #.#
#.# #.#.# ##.##
#.#
#.#.####.§§###.# #
#........§§§J@.#
#.#...####.§§#####
#......(....##
###...#######
##(## #. #. #. #.


You could see a jelly.

Vanquished Creatures
  Grinder (D:5)
  A phantom (D:5)
  A gnoll sergeant (D:5)
  2 scorpions (D:4)
  2 orc priests (D:3)
  3 hounds
  An orc wizard (D:3)
  An iguana (D:4)
  3 worker ants
  A hound skeleton (D:5)
  4 adders
  4 gnolls
  A shadow imp (D:5)
  3 oozes (D:2)
  An adder skeleton (D:3)
  A worm (D:3)
  3 dart slugs
  2 leopard geckos
  13 orcs (D:3)
  A ball python (D:1)
  3 bats
  8 giant cockroaches
  6 hobgoblins
  8 jackals (D:4)
  3 quokkas (D:4)
  2 frilled lizards
  5 goblins
  7 kobolds
  8 rats
99 creatures vanquished.

Vanquished Creatures (others)
  A bullfrog (D:5)
  An adder (D:5)
2 creatures vanquished.

Grand Total: 101 creatures vanquished

Notes
Turn   | Place    | Note
-------+----------+-------------------------------------------
     0 | D:1      | vishdafish the Demonspawn Arcane Marksman began the quest for the Orb.
     0 | D:1      | Reached XP level 1. HP: 15/15 MP: 2/2
   104 | D:1      | Reached skill level 2 in Crossbows
   237 | D:1      | Gained mutation: You have sharp toenails. [demonic ancestry]
   237 | D:1      | Reached XP level 2. HP: 21/21 MP: 3/3
   760 | D:2      | Reached XP level 3. HP: 26/26 MP: 3/5
   860 | D:2      | Reached skill level 1 in Armour
  1077 | D:2      | Gained mutation: You have razor-sharp toenails. [demonic ancestry]
  1077 | D:2      | Reached XP level 4. HP: 32/32 MP: 6/6
  1455 | D:3      | Reached skill level 3 in Crossbows
  1500 | D:3      | Reached XP level 5. HP: 25/38 MP: 8/8
  2978 | D:4      | Gained mutation: You have claws for feet. [demonic ancestry]
  2978 | D:4      | Reached XP level 6. HP: 46/46 MP: 9/9
  3142 | D:4      | Gained mutation: You are weak. (Str -2) [potion of mutation]
  3142 | D:4      | Gained mutation: You are agile. (Dex +2) [potion of mutation]
  3330 | D:4      | Reached skill level 4 in Crossbows
  3775 | D:4      | Learned a level 3 spell: Portal Projectile
  3888 | D:5      | Entered Level 5 of the Dungeon
  3888 | D:5      | Noticed Grinder
  4049 | D:5      | Found a staircase to the Ecumenical Temple.
  4058 | D:5      | Killed Grinder
  4058 | D:5      | Gained mutation: You are partially covered in large bone plates. (SH +4) [demonic ancestry]
  4058 | D:5      | Reached XP level 7. HP: 32/52 MP: 10/10
  4074 | Temple   | Entered the Ecumenical Temple
  4098 | Temple   | Became a worshipper of Yredelemnul the Dark
  4344 | D:5      | Found a radiant altar of Vehumet.
  5065 | D:5      | HP: 1/53 [jelly (2)]
  5065 | D:5      | Splashed by a jelly's acid

Vault maps used:
D:1:      minmay_arrival_five_plusses
D:4:      first_ration
D:5:      fiery_altar_vehumet, temple_fountains, uniq_grinder
Temple:   regret_index_temple_mists

Skill      XL: |  1  2  3  4  5  6  7 |
---------------+----------------------+-----
Crossbows      | 2 3 4 |  4.1
Dodging        | 2 3 |  3.1
Armour         | 1 2 3 |  3.4
Fighting       | 2 3 |  3.9
Spellcasting   | 2 |  2.2
Evocations     | 2 3 |  3.6
Hexes          | |  3.0

Action                   |  1- 3 |  4- 6 |  7- 9 || total
-------------------------+-------+-------+-------++-------
Melee: War axe           |       |    80 |    46 ||   126
       Kick              |       |    20 |    10 ||    30
 Fire: Hand crossbow     |    66 |   112 |    12 ||   190
Evoke: Wand              |       |       |     3 ||     3
  Use: Potion            |       |     4 |     2 ||     6
  Eat: Chunk             |       |     7 |       ||     7
       Ration            |       |     1 |     1 ||     2
Armor: Robe              |     9 |    19 |     6 ||    34
Dodge: Dodged            |    14 |   111 |    37 ||   162
Block: Other             |       |       |    10 ||    10

Table legend:
 A = Spawn XP
 B = Non-spawn XP
 C = Spawn XP percentage of total XP
 D = Spawn monster count
 E = Non-spawn monster count
 F = Spawn count percentage of total count
 G = Total turns spent on level
                    A         B        C        D         E        F      G
               +---------+---------+-------+---------+---------+-------+---------
         Total |       0 |    1299 |   0.0 |       0 |      99 |   0.0 |  5065
               +---------+---------+-------+---------+---------+-------+---------
           D:1 |       0 |      33 |   0.0 |       0 |      16 |   0.0 |   712
           D:2 |       0 |      77 |   0.0 |       0 |      17 |   0.0 |   611
           D:3 |       0 |     207 |   0.0 |       0 |      33 |   0.0 |  1641
           D:4 |       0 |     375 |   0.0 |       0 |      23 |   0.0 |  1348
           D:5 |       0 |     607 |   0.0 |       0 |      10 |   0.0 |   706
               +---------+---------+-------+---------+---------+-------+---------
